 Dungeon Crawl Stone Soup version 0.29-a0-8-g0446c0dae4 (webtiles) character file.

Game seed: 3705447286760758398

608 shoop the Covert (level 7, -6/46 HPs)
             Began as a Vampire Delver on Jan 27, 2022.
             Mangled by an orc (20 damage)
             ... on level 3 of the Dungeon.
             The game lasted 00:05:22 (3464 turns).

shoop the Covert (Vampire Delver)                   Turns: 3464, Time: 00:05:23

Health: -6/46      AC: 11    Str: 11    XL:     7   Next: 19%
Magic:  7/7        EV: 14    Int: 14    God:
Gold:   231        SH:  0    Dex: 16    Spells: 6/6 levels left

rFire   . . .      SeeInvis +   a - +0 short sword
rCold   . . .      Faith    .   (no shield)
rNeg    . . .      Spirit   .   b - +0 leather armour
rPois   .          Reflect  .   (no helmet)
rElec   .          Harm     .   l - +0 cloak
rCorr   .          Rampage  .   (no gloves)
Will    .....                   k - +2 pair of boots
Stlth   ++++......              (no amulet)
HPRegen 0.35/turn               o - +4 ring of protection
MPRegen 0.10/turn               (no ring)

@: healing quickly
A: alive, fangs 3, see invisible, vampiric 2, [frail 1]
a: Exsanguinate


You were on level 3 of the Dungeon.
You visited 1 branch of the dungeon, and saw 5 of its levels.

You collected 231 gold pieces.

Inventory:

Hand Weapons
 a - a +0 short sword (weapon)
Armour
 b - a +0 leather armour (worn)
 k - a +2 pair of boots (worn)
 l - a +0 cloak (worn)
Jewellery
 o - a +4 ring of protection (left hand)
 p - a ring of fire
Wands
 g - a wand of digging (3)
Scrolls
 c - a scroll of fog
 d - a scroll of magic mapping
 e - a scroll of fear
 j - a scroll of amnesia {unknown}
 m - 3 scrolls of identify {unknown}
Potions
 f - a potion of haste
 h - 3 potions of curing {unknown}
 i - a potion of lignification {unknown}
 n - a potion of attraction {unknown}
 q - a potion of flight {unknown}


   Skills:
 - Level 3.3 Fighting
 * Level 6.5 Short Blades
 + Level 5.1 Dodging
 - Level 8.1 Stealth


You had 6 spell levels left.
You didn't know any spells.
Your spell library contained the following spells:

 Spells                   Type           Power      Damage    Failure   Level
 Animate Skeleton         Necr           0%         N/A       36%         1
 Apportation              Tloc           0%         N/A       36%         1
 Summon Small Mammal      Summ           0%         N/A       36%         1


Dungeon Overview and Level Annotations

Branches:
Dungeon (5/15)
 Temple: D:4-7

Altars:
Dithmenos
Okawaru
Zin

Annotations:
D:5 exclusions: centaur, gnoll sergeant, ice beast, ogre and sky beast


Innate Abilities, Weirdness & Mutations

Your natural rate of healing is accelerated.
You have razor-sharp teeth.
You have supernaturally acute eyesight. (SInv)
You are afflicted with vampirism and can become a bat while bloodless.
[You are frail. (-10% HP)]


Message History

You are too injured to fight recklessly!
You are too injured to fight recklessly!
You are too injured to fight recklessly!
You are too injured to fight recklessly!
You are too injured to fight recklessly!
You are too injured to fight recklessly!
You are too injured to fight recklessly!
You are too injured to fight recklessly!
You are too injured to fight recklessly!
You are too injured to fight recklessly!
You are too injured to fight recklessly!
You miss the adder. You bite the adder, but do no damage.
The adder is almost dead.
The adder bites you but does no damage. The orc closely misses you.
You miss the adder. Your bite misses the adder.
The adder is almost dead.
The adder misses you.
You barely miss the adder. Your bite misses the adder.
The adder is almost dead.
The adder completely misses you. The orc hits you but does no damage.
You are electrocuted!
You barely miss the adder.
The adder is almost dead.
The adder barely misses you. The orc hits you but does no damage.
You hit the adder but do no damage.
The adder is almost dead.
The adder barely misses you. The orc hits you but does no damage.
The adder bites you but does no damage.
You miss the adder.
The adder is almost dead.
The adder bites you but does no damage.
You hit the adder.
You kill the adder!
The orc hits you with a +0 hand axe of electrocution.
Things that are here:
a +0 whip; a +0 chain mail; an adder corpse You barely miss the orc.
You bite the orc.
The orc is lightly wounded.
The orc hits you but does no damage.
You are electrocuted!!
You die...

#..#.######
#...)@#.#
####o#..#
...####.##
#.......#
#######.#
#.# #.# #.#
#######
#.##


You could see an orc.

Vanquished Creatures
  A water moccasin (D:5)
  An ogre (D:5)
  A scorpion (D:4)
  A bullfrog (D:5)
  3 hounds
  A bullfrog skeleton (D:2)
  An iguana (D:5)
  An orc wizard (D:3)
  5 adders
  A gnoll (D:3)
  A worm (D:2)
  3 dart slugs
  3 orcs
  3 bats
  5 endoplasms
  5 giant cockroaches
  7 goblins
  6 hobgoblins
  8 jackals
  4 ball pythons
  5 frilled lizards
  6 kobolds
  2 rats
74 creatures vanquished.

Notes
Turn   | Place    | Note
-------+----------+-------------------------------------------
     0 | D:5      | shoop the Vampire Delver began the quest for the Orb.
     0 | D:5      | Reached XP level 1. HP: 17/17 MP: 1/1
    38 | D:5      | Noticed a sky beast
   143 | D:5      | Noticed a hound
   156 | D:5      | Found a shadowy altar of Dithmenos.
   156 | D:5      | Noticed an ogre
   161 | D:5      | Killed an ogre
   162 | D:5      | Reached XP level 2. HP: 19/19 MP: 2/2
   162 | D:5      | Gained mutation: You are afflicted with vampirism and can
                  | become a bat while bloodless. [Vampire growth]
   162 | D:5      | Reached XP level 3. HP: 23/23 MP: 3/3
   162 | D:5      | Reached XP level 4. HP: 28/28 MP: 4/4
   163 | D:5      | Noticed an ice beast
   210 | D:5      | Reached skill level 8 in Stealth
   476 | D:5      | Noticed a centaur
   476 | D:5      | Noticed a gnoll sergeant
   483 | D:5      | Noticed an ogre
   695 | D:5      | Reached XP level 5. HP: 32/32 MP: 5/5
  1147 | D:5      | Noticed a water moccasin
  1174 | D:5      | Killed a water moccasin
  1175 | D:5      | Reached skill level 5 in Short Blades
  1175 | D:5      | Reached XP level 6. HP: 8/37 MP: 6/6
  1827 | D:2      | Found an iron altar of Okawaru.
  2717 | D:2      | Reached XP level 7. HP: 46/46 MP: 7/7
  3031 | D:2      | Reached skill level 5 in Dodging
  3144 | D:2      | Found a faded altar of an unknown god.
  3464 | D:3      | Mangled by an orc

Illustrated notes

Levels and vault maps discovered:
D:1:      scummos_arrival_simple_crosswalls, layout_loops_ring
D:2:      layout_loops_ring, basic_altar, shapermc_ecumenical_altar_flowoftime
D:3:      minmay_angry_zag, layout_basic, serial_shops, nicolae_square_shop,
          st_stairs_10, minmay_puff
D:4:      layout_loops_ring, okawaru_metal_pillars_1_2, hangedman_feature_mirror
D:5:      layout_basic, zin_treasury, nicolae_dithmenos_shadow_blocks

Skill      XL: |  1  2  3  4  5  6  7 |
---------------+----------------------+-----
Fighting       | 3 |  3.3
Short Blades   | 3 5 6 |  6.5
Dodging        | 3 4 5 |  5.1
Stealth        | 8 |  8.1

Action                   |  1- 3 |  4- 6 |  7- 9 || total
-------------------------+-------+-------+-------++-------
Melee: Short sword       |     1 |   159 |    78 ||   238
       Bite              |       |    19 |     7 ||    26
       Punch             |       |     1 |     2 ||     3
 Abil: Exsanguinate      |     1 |       |       ||     1
       Revivify          |       |     1 |       ||     1
 Stab: Sleeping          |     1 |    22 |     8 ||    31
       Distracted        |       |     1 |       ||     1
Armor: Leather armour    |       |    41 |    40 ||    81
Dodge: Dodged            |       |    67 |    49 ||   116

Table legend: (Time is in decaauts)
 A = Elapsed time spent in this place.
 B = Non-inter-level travel time spent in this place.
 C = Inter-level travel time spent in this place.
 D = Time resting spent in this place.
 E = Time spent auto-exploring this place.
 F = Levels seen in this place.
 G = Mean time per level.
                   A        B        C        D        E       F      G
               +--------+--------+--------+--------+--------+-----+--------+
         Total |   3423 |   3395 |     28 |    225 |   2564 |   5 |  684.6 |
       Dungeon |   3423 |   3395 |     28 |    225 |   2564 |   5 |  684.6 |
               +--------+--------+--------+--------+--------+-----+--------+

Top non-repeatable levels by time:
     D:5: 1490 daAuts
     D:2: 753 daAuts
     D:1: 647 daAuts
     D:4: 273 daAuts
     D:3: 257 daAuts
